 Dungeon Crawl Stone Soup version 0.25-a0-1104-g1bb6b8da34 (console) character file.

Game seed: 10448799735541400580, levelgen mode: deterministic

400 ting the Ruffian (level 6, 61/61 HPs)
             Began as a Troll Monk on Apr 17, 2020.
             Was a Follower of Uskayaw.
             Quit the game on level 4 of the Dungeon on May 16, 2020.
             The game lasted 00:14:07 (3224 turns).

ting the Ruffian (Troll Monk)                       Turns: 3224, Time: 00:14:07

Health: 61/61      AC:  6    Str: 20    XL:     6   Next: 54%
Magic:  7/7        EV: 11    Int:  6    God:    Uskayaw [*.....]
Gold:   193        SH:  0    Dex: 14    Spells: 5/5 levels left

rFire    . . .     SeeInvis .     - Unarmed
rCold    . . .     Gourm    +   (no shield)
rNeg     . . .     Faith    .   a - +0 robe
rPois    .         Spirit   .   (helmet restricted)
rElec    .         Reflect  .   (no cloak)
rCorr    .         Harm     .   (gloves unavailable)
MR       .....                  (boots unavailable)
Stlth    ++........             l - amulet of regeneration
HPRegen  0.60/turn              (no ring)
MPRegen  0.10/turn              (no ring)

@: no status effects
A: large, unfitting armour, claws 3, fast metabolism 3, gourmand, regeneration
1, shaggy fur 1, tough skin 3
a: Stomp, Renounce Religion


   Skills:
 - Level 3.2 Fighting
 - Level 3.2 Dodging
 - Level 1.0 Stealth
 - Level 4.7 Unarmed Combat
 + Level 3.6 Invocations


You had 5 spell levels left.
You didn't know any spells.
Your spell library contained the following spells:

 Spells                   Type           Power        Failure   Level  Hunger
 Animate Skeleton         Necr           N/A          45%         1    ##.....
 Apportation              Tloc           #.....       45%         1    ##.....
 Corona                   Hex            #......      45%         1    ##.....
 Summon Small Mammal      Summ           #...         45%         1    ##.....


Innate Abilities, Weirdness & Mutations

You are too large for most types of armour.
You have claws for hands.
Your metabolism is lightning-fast.
You like to eat raw meat.
Your natural rate of healing is unusually fast.
You are covered in fur. (AC +1)
You have extremely tough skin. (AC +3)

Inventory:

Missiles
 n - 106 stones (quivered)
 p - 6 atropa-tipped darts
 x - 17 poisoned darts
Armour
 a - a +0 robe (worn)
Jewellery
 l - an amulet of regeneration (around neck)
Scrolls
 c - 3 scrolls of amnesia
 f - a scroll of enchant weapon {unknown}
 i - a scroll of teleportation {unknown}
 k - a scroll of immolation
 m - 4 scrolls of identify
 o - 2 scrolls of remove curse
 u - a scroll of fear
 w - a scroll of random uselessness {unknown}
 y - a scroll of magic mapping {unknown}
 z - a scroll of blinking {unknown}
Potions
 d - 4 potions of curing {unknown}
 e - 4 potions of heal wounds
 g - 2 potions of stabbing {unknown}
 h - 2 potions of flight {unknown}
 j - a potion of might {unknown}
 q - 2 potions of brilliance {unknown}
 r - 2 potions of lignification {unknown}
 s - 2 potions of ambrosia {unknown}
 v - a potion of degeneration {unknown}
Comestibles
 b - 9 rations

...##
###.#.#...............'.
....#
#...#.###.......#######.
....####
#...#..........#......#.
.©.....#
#...######.###.#.####.#.
######.#
###.######.###.#.####.#.
○.°○
#.#####.....#......#....#.#.
○○○.
#...........................
#©#.
##..........<.............#.
.!.○.
#........>☹.###.###.##.###.
#.#
#...........###.#..........
#........................##
#........................##
#.........................+
##########...............##
#........###..#...
#######..###..#.## %©
#.......#.##


There were no monsters in sight!


Message History

The phantom blinks!
The phantom barely misses you.
There is a stone staircase leading down here.
You closely miss the phantom. Your claw misses the phantom.
The phantom is heavily damaged.
The phantom hits you.
The phantom blinks!
There is a stone staircase leading down here.
You start waiting.
Eating a chunk of flesh.
You eat the chunk of flesh.
This raw flesh tastes great.
The phantom is too close now for your liking.
You scratch the phantom but do no damage.
The phantom is heavily damaged.
The phantom blinks!
No target in view!
There is a stone staircase leading down here.
You miss the phantom.
The phantom is heavily damaged.
The phantom hits you.
The phantom blinks!
You start resting.
HP restored.
No target in view!
There is a stone staircase leading down here.
The phantom misses you.
You claw the phantom!
The phantom is almost destroyed.
The phantom hits you.
You scratch the phantom.
You destroy the phantom!
Your Invocations skill increases to level 3!
You start resting.
HP restored.
There is a stone staircase leading down here.
You climb downwards.
Level annotation: 2 transporters, Eustachio, Grinder, Pikel
There is a stone staircase leading up, spattered with blood here.
You climb upwards.
There is a stone staircase leading down here.
Things that are here:
a +0 chain mail; a +0 mace
There is a stone staircase leading down here.
You climb downwards.
Level annotation: 2 transporters, Eustachio, Grinder, Pikel
There is a stone staircase leading up here.
There is an escape hatch in the floor here.
You slide downwards.
The hatch slams shut behind you.
Found 15 gold pieces and a scroll of amnesia.
You now have 193 gold pieces (gained 15).
c - 2 scrolls of amnesia (gained 1) Edmund the Younger comes into view.
He is wielding a +1 vorpal flail and wearing a +2 scale mail of fire resistance.
Press: ? - help, . - travel You can't see that place. [the floor.] Placed new exclusion.
Prince Ribbit comes into view.
Prince Ribbit gives a loud, deep croak!
Prince Ribbit blinks!
Found a twisted steel ring.
You can't go up here!
Prince Ribbit blinks!
As you open the door, it creaks loudly!
You hear a shout! x2
An ogre comes into view. It is wielding a +0 giant spiked club.
Found 15 sling bullets.
Found a stone staircase leading up.
Prince Ribbit hits you!
There is a stone staircase leading up, spattered with blood here.
You miss Prince Ribbit. Prince Ribbit barely misses you.
You barely miss Prince Ribbit.
Prince Ribbit blinks!
You climb upwards.
Level annotation: 2 transporters, Eustachio, Grinder, Pikel
There is a stone staircase leading down here.
You start resting.
HP restored.
You start waiting.
Done waiting.
There is an open door here.
You open the door.
There is an open door here.
n - 106 stones (gained 13)
There is an open door here.
You open the door.
There is an open door here.
c - 3 scrolls of amnesia (gained 1)
There is an open door here.
Eustachio is too close now for your liking.
There is a stone staircase leading up, spattered with blood here.
You climb upwards.
There is a stone staircase leading down here.
Things that are here:
a +0 chain mail; a +0 mace
There is a stone staircase leading down here.
You climb downwards.
Level annotation: 2 transporters, Eustachio, Grinder, Pikel
There is a stone staircase leading up here.
Are you sure you want to abandon this character and quit the game? (Confirm with "yes".)
Okay, then.
Saving game... please wait.
Level annotation: 2 transporters, Eustachio, Grinder, Pikel Welcome back, ting the Troll Monk.
Uskayaw says: Surrender yourself to the rhythm!
Press ? for a list of commands and other information.
Are you sure you want to abandon this character and quit the game? (Confirm with "yes".)

Dungeon Overview and Level Annotations

Branches:
Dungeon (5/15)
 Temple: D:4-7

Altars:
Dithmenos
Fedhas
Ru
Uskayaw

Annotations:
D:4 2 transporters, Eustachio, Grinder, Pikel
D:5 Edmund, Prince Ribbit

Notes
Turn   | Place    | Note
-------+----------+-------------------------------------------
     0 | D:1      | ting the Troll Monk began the quest for the Orb.
     0 | D:1      | Reached XP level 1. HP: 22/22 MP: 0/0
   149 | D:1      | Reached XP level 2. HP: 29/29 MP: 1/1
   929 | D:2      | Reached XP level 3. HP: 36/36 MP: 2/2
  1231 | D:2      | Reached skill level 4 in Unarmed Combat
  1641 | D:3      | Reached XP level 4. HP: 39/44 MP: 3/3
  1807 | D:3      | Found a faded altar of an unknown god.
  1903 | D:3      | Noticed a big kobold
  1920 | D:3      | Killed a big kobold
  1920 | D:3      | Reached XP level 5. HP: 53/53 MP: 4/4
  2104 | D:3      | Found a blossoming altar of Fedhas.
  2263 | D:3      | Found a hide-covered altar of Uskayaw.
  2265 | D:3      | Found a sacrificial altar of Ru.
  2270 | D:3      | Became a worshipper of Uskayaw the Reveler
  2270 | D:3      | Reached * piety under Uskayaw
  2318 | D:4      | Reached ** piety under Uskayaw
  2321 | D:4      | Reached skill level 1 in Invocations
  2348 | D:4      | Found a shadowy altar of Dithmenos.
  2349 | D:4      | Noticed Grinder
  2349 | D:4      | Noticed a phantom
  2501 | D:4      | Reached XP level 6. HP: 53/61 MP: 6/6
  2648 | D:4      | Found a transporter.
  2784 | D:4      | Noticed Eustachio
  2787 | D:4      | Found a transporter.
  2791 | D:4      | Noticed a slave
  2793 | D:4      | Noticed a slave
  2793 | D:4      | Noticed a slave
  2794 | D:4      | Noticed Pikel
  2794 | D:4      | Noticed a slave
  2900 | D:5      | Entered Level 5 of the Dungeon
  2908 | D:5      | Noticed Edmund
  2910 | D:5      | Noticed Prince Ribbit
  3224 | D:4      | Upgraded the game from 0.25-a0-785-gb22c70e859 to
                  | 0.25-a0-1104-g1bb6b8da34
  3224 | D:4      | Quit the game

Levels and vault maps discovered:
D:1:      minmay_arrival_nine_rooms, layout_loops_corners
D:2:      layout_loops_ring, kennysheep_minor_cross
D:3:      layout_loops_cross, marbit_many_paths,
          gammafunk_temple_overflow_statue, chequers_ecumenical_altar_simple,
          first_ration, minmay_misc_feat_nine_boxes
D:4:      gammafunk_cloud_chamber, layout_basic, old_standard_altar,
          serial_shops, shop, uniq_grinder, uniq_pikel, uniq_eustachio
D:5:      layout_gridville, temple_green, minmay_diced_spiral,
          uniq_crazy_yiuf_cottage, uniq_ijyb, uniq_edmund, uniq_prince_ribbit1

Vanquished Creatures
  A phantom (D:3)
  A big kobold (D:3)
  A howler monkey (D:4)
  A hound (D:4)
  An orc priest (D:3)
  A worker ant (D:4)
  4 adders (D:2 D:3 D:4)
  An ooze (D:3)
  2 adder skeletons (D:3 D:4)
  A worm (D:2)
  4 dart slugs (D:1 D:2)
  4 leopard geckos (D:2 D:3 D:4)
  4 orcs (D:3 D:4)
  5 giant cockroaches (D:1 D:2)
  9 goblins (D:1 D:2 D:3)
  8 hobgoblins (D:1 D:2 D:3)
  3 quokkas (D:2 D:3 D:4)
  A ball python (D:3)
  7 bats (D:1 D:2 D:3)
  2 frilled lizards (D:1 D:3)
  8 kobolds (D:1 D:2 D:3)
  A quokka skeleton (D:4)
  5 rats (D:1 D:2 D:3)
75 creatures vanquished.

Action                   |  1- 3 |  4- 6 || total
-------------------------+-------+-------++-------
Melee: Unarmed           |    94 |    97 ||   191
       Punch             |       |     3 ||     3
Invok: Stomp             |       |     1 ||     1
  Use: Scroll            |       |     5 ||     5
       Potion            |       |     1 ||     1
 Stab: Sleeping          |     4 |     3 ||     7
       Distracted        |       |     1 ||     1
  Eat: Chunk             |    18 |    14 ||    32
Armor: Robe              |    21 |    42 ||    63
Dodge: Dodged            |    38 |    72 ||   110

Table legend:
 A = Turns spent in this place as a percentage of turns spent in the entire game.
 B = Non-inter-level travel turns spent in this place as a percentage of non-inter-level travel turns spent in the entire game.
 C = Inter-level travel turns spent in this place as a percentage of turns spent in this place.
 D = Turns resting spent in this place as a percentage of non-inter-level travel turns spent in this place.
 E = Turns spent auto-exploring this place as a percentage of non-inter-level travel turns spent in this place.
 F = Non-inter-level travel turns spent in this place divided by the number of levels of this place that you've seen.
                   A       B       C       D       E      F
               +-------+-------+-------+-------+-------+----------------------
         Total | 100.0 | 100.0 |   3.6 |   5.2 |  72.2 | 621.4
       Dungeon | 100.0 | 100.0 |   3.6 |   5.2 |  72.2 | 621.4
               +-------+-------+-------+-------+-------+----------------------

Table legend:
 A = Kills in this place as a percentage of kills in entire the game.
 B = Kills by you in this place as a percentage of kills by you in the entire game.
 C = Kills by friends in this place as a percentage of kills by friends in the entire game.
 D = Other kills in this place as a percentage of other kills in the entire game.
 E = Experience gained in this place as a percentage of experience gained in the entire game.
 F = Experience gained in this place divided by the number of levels of this place that you have seen.
                   A       B       C       D       E      F
               +-------+-------+-------+-------+-------+----------------------
         Total | 100.0 | 100.0 |   N/A |   N/A | 100.0 | 114.4
       Dungeon | 100.0 | 100.0 |   N/A |   N/A | 100.0 | 114.4
               +-------+-------+-------+-------+-------+----------------------
